 Dungeon Crawl Stone Soup version 0.21.1-1-g345015f (webtiles) character file.

292 Fortress the Conjurer (level 6, -2/45 HPs)
             Began as a Draconian Conjurer on June 14, 2018.
             Was an Initiate of Sif Muna.
             Shot with an arrow by a centaur (12 damage)
             ... on level 2 of the Dungeon.
             The game lasted 00:36:04 (4465 turns).

Fortress the Conjurer (Draconian Conjurer)          Turns: 4465, Time: 00:36:05

Health: -2/45      AC:  7    Str: 10    XL:     6   Next: 10%
Magic:  7/10       EV: 13    Int: 18    God:    Sif Muna [......]
Gold:   165        SH:  0    Dex: 13    Spells: 5/11 levels left

rFire    . . .     SeeInvis .   l - +4 dagger (venom)
rCold    . . .     Gourm    .   (no shield)
rNeg     . . .     Faith    .   (armour unavailable)
rPois    .         Spirit   .   (helmet restricted)
rElec    .         Reflect  .   (no cloak)
rCorr    .         Harm     .   (no gloves)
MR       +....                  c - +0 pair of boots
Stlth    ++........             (no amulet)
HPRegen  0.15/turn              q - +2 ring of intelligence
MPRegen  0.12/turn              o - ring of protection from magic

@: no status effects
A: unfitting armour, cold-blooded, AC +6
a: Renounce Religion


You were on level 2 of the Dungeon.
You worshipped Sif Muna.
Sif Muna was noncommittal.
You were not hungry.

You visited 1 branch of the dungeon, and saw 4 of its levels.

You collected 165 gold pieces.

Inventory:

Hand Weapons
 d - a +1 short sword
 l - a +4 dagger of venom (weapon)
 t - a +2 vampiric dagger
Missiles
 e - 14 poisoned needles
 j - 49 stones (quivered)
 n - 44 bolts
 s - 25 arrows
Armour
 c - a +0 pair of boots (worn)
Jewellery
 m - an uncursed ring of ice
 o - a ring of protection from magic (right hand)
 q - a +2 ring of intelligence (left hand)
Scrolls
 f - a scroll of magic mapping
 h - 2 scrolls of enchant weapon
 i - a scroll of teleportation
 k - 2 scrolls of random uselessness {unknown}
 r - a scroll of noise {unknown}
 v - a scroll of amnesia {unknown}
Potions
 g - a potion of brilliance {unknown}
 u - a potion of ambrosia {unknown}
Books
 a - a book of Conjurations

   Spells                             Type                      Level
   a - Magic Dart                     Conjuration                  1
   b - Searing Ray                    Conjuration                  2
   c - Dazzling Spray                 Conjuration/Hexes            3
   d - Fulminant Prism                Conjuration/Hexes            4
   e - Force Lance                    Conjuration/Translocation    4
   f - Iskenderun's Mystic Blast      Conjuration                  4
Comestibles
 b - 3 rations


   Skills:
 * Level 2.6 Short Blades
 + Level 2.5 Dodging
 + Level 2.5 Stealth
 + Level 3.2 Spellcasting
 + Level 5.4 Conjurations


You had 5 spell levels left.
You knew the following spells:

 Your Spells              Type           Power        Failure   Level  Hunger
a - Magic Dart            Conj           ###.         1%          1    None
b - Searing Ray           Conj           ###...       2%          2    ##.....
c - Dazzling Spray        Conj/Hex       ##....       16%         3    ###....


Dungeon Overview and Level Annotations

Branches:
Dungeon (4/15)
 Temple: D:4-7

Altars:
Sif Muna
Zin

Annotations:
D:4 Grinder; Sigmund


Innate Abilities, Weirdness & Mutations

Your plain brown scales are hard. (AC +6)
You cannot fit into any form of body armour.
You are cold-blooded and may be slowed by cold attacks.


Message History

Aiming: Magic Dart
Press: ? - help, Shift-Dir - straight line, f/p - centaur
Aim: a centaur, wielding a shortbow The magic dart hits the centaur.
The centaur is moderately wounded.
The centaur shoots an arrow.
The arrow hits you!
Casting: Magic Dart
Confirm with . or Enter, or press ? or * to list all spells.
Aiming: Magic Dart
Press: ? - help, Shift-Dir - straight line, f/p - centaur
Aim: a centaur, wielding a shortbow (moderately wounded)
The magic dart hits the centaur.
The centaur is heavily wounded.
The centaur shoots an arrow.
The arrow hits you!
The centaur shoots an arrow.
The arrow hits you.
* * * LOW HITPOINT WARNING * * *
A hobgoblin comes into view. It is wielding a club.
The hobgoblin shouts!
The centaur shoots an arrow.
The arrow hits you!
You die...

## ############# .###
##.....#.....##
...###.............##
.#.................<#
.####....<..........#
.# #...............#
.# #...............#
.# #...............#
.# #...........@...#
.# ##...gc........##
.####.......#.....##
......#############
....### #......#
#.#...# #......#
..###.# #......# ###
#.# #......# .## #.#
#......#


You could see a centaur and a hobgoblin.

Vanquished Creatures
  An ogre (D:3)
  The ghost of Brandominion the Chopper, an amateur DsGl (D:3)
  A worker ant (D:3)
  4 adders
  2 oozes
  A worm (D:3)
  A dart slug (D:2)
  4 leopard geckos
  An orc (D:4)
  6 bats
  3 giant cockroaches
  10 goblins
  5 hobgoblins
  5 kobolds
  A quokka (D:4)
  5 frilled lizards
  4 rats
55 creatures vanquished.

Notes
Turn   | Place    | Note
-------+----------+-------------------------------------------
     0 | D:1      | Fortress the Draconian Conjurer began the quest for the Orb.
     0 | D:1      | Reached XP level 1. HP: 14/14 MP: 3/3
   364 | D:1      | Reached XP level 2. HP: 20/20 MP: 0/5
  1280 | D:3      | Noticed an ogre
  1714 | D:2      | Noticed a centaur
  2085 | D:2      | Reached XP level 3. HP: 18/26 MP: 3/6
  2294 | D:2      | Found a glowing silver altar of Zin.
  2316 | D:2      | Learned a level 2 spell: Searing Ray
  2320 | D:2      | Learned a level 3 spell: Dazzling Spray
  2507 | D:3      | Found a deep blue altar of Sif Muna.
  2524 | D:3      | Became a worshipper of Sif Muna the Loreminder
  2682 | D:3      | Noticed Brandominion's ghost (amateur DsGl)
  3283 | D:4      | Reached skill level 1 in Short Blades
  3334 | D:4      | Reached XP level 4. HP: 33/33 MP: 0/7
  3338 | D:4      | Noticed Sigmund
  3343 | D:4      | Noticed Grinder
  3386 | D:3      | HP: 1/33 [poisoned by a worker ant]
  3394 | D:3      | Reached skill level 5 in Conjurations
  4092 | D:3      | Killed an ogre
  4092 | D:3      | Reached XP level 5. HP: 38/38 MP: 2/9
  4268 | D:3      | Killed Brandominion's ghost
  4268 | D:3      | Reached XP level 6. HP: 24/45 MP: 4/10
  4465 | D:2      | Shot with an arrow by a centaur

Skill      XL: |  1  2  3  4 |
---------------+-------------+-----
Stealth        | 2 |  2.5
Short Blades   | 1 2 |  2.6
Dodging        | 2 |  2.5
Conjurations   | 5 |  5.4
Spellcasting   | 3 |  3.2

Action                   |  1- 3 |  4- 6 || total
-------------------------+-------+-------++-------
Melee: Club              |    20 |       ||    20
       Tailslap          |     4 |     1 ||     5
       Unarmed           |     3 |       ||     3
       Short sword       |    31 |    24 ||    55
       Dagger            |       |    12 ||    12
 Cast: Magic Dart        |    75 |    34 ||   109
       Searing Ray       |     3 |     1 ||     4
  Use: Scroll            |     5 |     2 ||     7
       Potion            |     1 |     1 ||     2
 Stab: Sleeping          |     1 |       ||     1
  Eat: Ration            |     1 |     2 ||     3
       Chunk             |     5 |     1 ||     6
Armor: Skin              |    27 |    13 ||    40
Dodge: Dodged            |    59 |    33 ||    92
